 Dungeon Crawl Stone Soup version 0.29-a0-459-g97dee8cd24 (webtiles) character file.

Game seed: 1222812023191449802

10612 spiderkeys the Nimble (level 11, -1/81 HPs)
             Began as a Djinni Abyssal Knight on May 20, 2022.
             Was a High Priest of Lugonu.
             Shot with an arrow by a centaur (12 damage)
             ... on level 11 of the Dungeon.
             The game lasted 00:24:03 (9861 turns).

spiderkeys the Nimble (Djinni Abyssal Knight)       Turns: 9861, Time: 00:24:03

Health: -1/81      AC:  8    Str: 12    XL:     11   Next: 96%
Gold:   320        EV: 17    Int: 24    God:    Lugonu [*****.] SH:  0 Dex: 20

rFire   + + .      SeeInvis .   o - +3 scythe "Tilip" {freeze, Int+8}
rCold   x . .      Faith    .   (shield currently unavailable)
rNeg    . . .      Spirit   .   b - +0 leather armour rPois āˆž Reflect .
                                F - +0 helmet
rElec   .          Harm     .   y - +1 cloak
rCorr   .          Rampage  .   M - +1 pair of gloves
Will    +....                   (boots unavailable)
Stlth   +.........              g - amulet of regeneration
HPRegen 1.03/turn               Z - ring of wizardry
MPRegen 0.00/turn               D - +6 ring of dexterity

@: flying
A: sickness immunity, fire resistance 2, cold vulnerability 1, float, innate
caster, HP casting, extra vitality 1
a: Renounce Religion, Depart the Abyss, Bend Space, Banish, Corrupt, Enter the
Abyss


You were on level 11 of the Dungeon.
You worshipped Lugonu.
Lugonu was extremely pleased with you.
You visited 1 branch of the dungeon, and saw 11 of its levels.
You visited the Abyss 1 time.

You collected 624 gold pieces.
You spent 304 gold pieces at shops.


Innate Abilities, Weirdness & Mutations

You are immune to sickness and miasma.
You are immune to poison.
Your flesh is very heat resistant. (rF++)
You are vulnerable to cold. (rC-)
You float through the air rather than walking.
You learn spells naturally, not from books.
Your magical power is your life essence.
You have superior vitality. (+4 MHP)


   Skills:
 + Level 8.0 Fighting
 - Level 3.0(4.6) Polearms
 + Level 6.0(6.4) Staves
 - Level 1.0 Armour
 + Level 8.3 Dodging
 * Level 8.1 Spellcasting
 + Level 7.6 Invocations


You had 12 spell levels left.
You knew the following spells:

 Your Spells              Type           Power      Damage    Failure   Level
b - Beastly Appendage     Tmut           96%        N/A       1%          1
c - Call Imp              Summ           48%        N/A       1%          2
f - Sticky Flame          Conj/Fire      48%        2d7       1%          4
s - Summon Guardian Gole  Hex/Summ       48%        N/A       1%          3
X - Anguish               Hex/Necr       24%        N/A       1%          4
Your spell library was empty.

Inventory:

Hand Weapons
 o - the +3 scythe "Tilip" (weapon) {freeze, Int+8}
   (You bought it in a shop on level 10 of the Dungeon)

   It freezes those it strikes, dealing additional cold damage.
   It can also slow down cold-blooded creatures.
   Int:       It affects your intelligence (+8).
 r - a +5 vampiric quarterstaff
   (You took it off Crazy Yiuf on level 4 of the Dungeon)
 E - the +2 falchion of Callousness {vorpal, Fly}
   (You took it off an orc warrior on level 10 of the Dungeon)

   It inflicts extra damage upon your enemies.
   Fly:       It grants you flight.
 O - the +11 dagger "Dosem" {flame, rN+ Dex+2}
   (You found it on level 8 of the Dungeon)

   It burns those it strikes, dealing additional fire damage.
   Dex:       It affects your dexterity (+2).
   rN:        It protects you from negative energy.
Missiles
 f - 238 stones
 s - 9 curare-tipped darts {=f}
 R - 11 boomerangs
 W - 4 poisoned darts
Armour
 b - a +0 leather armour (worn)
 y - a +1 cloak (worn)
   (You took it off Crazy Yiuf on level 4 of the Dungeon)
 F - a +0 helmet (worn)
   (You took it off Robin on level 4 of the Dungeon)
 M - a +1 pair of gloves (worn)
   (You found it on level 3 of the Dungeon)
Magical Staves
 v - a staff of death {!a}
   (You found it on level 3 of the Dungeon)
 L - a staff of fire {!a}
   (You found it on level 8 of the Dungeon)
Jewellery
 c - a ring of ice
   (You found it on level 10 of the Dungeon)
 g - an amulet of regeneration (around neck)
   (You took it off a kobold on level 2 of the Dungeon)
 A - an amulet of the acrobat
   (You found it on level 4 of the Dungeon)
 C - a ring of ice
   (You found it on level 4 of the Dungeon)
 D - a +6 ring of dexterity (right hand)
   (You found it on level 2 of the Dungeon)
 N - a ring of positive energy
   (You found it on level 7 of the Dungeon)
 Z - a ring of wizardry (left hand)
   (You found it on level 2 of the Dungeon)
Wands
 j - a wand of charming (7)
   (You found it on level 10 of the Dungeon)
 n - a wand of iceblast (5)
   (You found it on level 10 of the Dungeon)
 p - a wand of mindburst (3)
   (You found it on level 10 of the Dungeon)
 w - a wand of acid (7)
   (You found it on level 10 of the Dungeon)
Scrolls
 d - 8 scrolls of teleportation {@r4}
 h - 4 scrolls of fear
 l - 4 scrolls of vulnerability {!r!r}
 u - a scroll of enchant weapon
 z - a scroll of poison
 B - 5 scrolls of identify {@r1}
 P - 2 scrolls of enchant armour
Potions
 a - 2 potions of brilliance {unknown}
 e - 4 potions of heal wounds {unknown}
 i - a potion of ambrosia {unknown}
 k - 2 potions of degeneration {unknown}
 m - 3 potions of berserk rage {unknown}
 q - 6 potions of curing {@q1}
 t - a potion of resistance
 x - a potion of cancellation {unknown}
 G - 2 potions of haste {unknown}
 K - 2 potions of lignification {unknown}
 Q - a potion of invisibility {unknown}
 Y - 2 potions of attraction {unknown}

Dungeon Overview and Level Annotations

Branches:
Dungeon (11/15)            Temple (0/1) D:5            Lair (0/6) D:8
    Orc: D:9-12

Altars:
Ashenzari
Cheibriados
Elyvilon
Kikubaaqudgha
Nemelex Xobeh
Okawaru
Qazlal
Trog
Uskayaw
Vehumet
Yredelemnul
Zin
Beogh

Shops:
D:4 [   D:10 *

Annotations:
D:3 3 runed translucent doors, 2FriedEggs's ghost, amateur DsNe
D:8 1 runed translucent door, b0nj0m0n's ghost, novice DECj

#..# .######..# .
.........########..
.................
................
#.....)......
#.....cc..#
#..@.cā€ y9.#
..........Kc...<...
...........c.5.....
...................
...................
...<........#####..
............# .
............#


You could see a vampire mosquito (ally target, anguished), 5 centaurs, a kobold
(anguished), a friendly guardian golem (summoned, inner flame) and a friendly
crimson imp (summoned, sheltered).


Message History

The centaur hits your guardian golem but does no damage.
The centaur kicks your guardian golem but does no damage.
The kobold hits you but does no damage. The kobold hits you with a +0 dagger.
The kobold is wracked by anguish.
The kobold dies!
Lugonu accepts your kill.
The kobold brigand hits you but does no damage. šŸ˜® HP[-3]
You take 3 damage, and now have 60/81 hp.
You slash the kobold brigand! You freeze the kobold brigand.
The vampire mosquito bites you.
The vampire mosquito is wracked by anguish.
The centaur wields a +0 shortbow.
The centaur shoots an arrow.
The arrow hits your guardian golem!
The centaur is wracked by anguish!
The centaur dies!
Lugonu accepts your kill.
The vampire mosquito completely misses you.
Your crimson imp closely misses the vampire mosquito.
The kobold closely misses you.
Your guardian golem overheats!
The kobold brigand hits you but does no damage.
The vampire mosquito closely misses you. x2
The kobold closely misses you. The kobold brigand barely misses you.
Your crimson imp closely misses the vampire mosquito.
You slash the kobold brigand! You freeze the kobold brigand.
You kill the kobold brigand!
Lugonu accepts your kill. The vampire mosquito bites you.
The vampire mosquito is wracked by anguish.
The vampire mosquito bites you.
The vampire mosquito is wracked by anguish.
The centaur closely misses you. The centaur misses you.
The vampire mosquito bites you!
The vampire mosquito is wracked by anguish!
The vampire mosquito barely misses you.
The centaur unwields a +0 shortbow.
The centaur misses you. The centaur closely misses you. x2
The centaur kicks you but does no damage.
Your crimson imp barely misses the vampire mosquito.
The vampire mosquito closely misses you.
The vampire mosquito bites you.
The vampire mosquito is wracked by anguish.
The kobold misses you.
The centaur unwields a +0 shortbow.
The centaur hits your guardian golem. Flame seeps out of your guardian golem.
The centaur is wracked by anguish.
The centaur kicks your guardian golem but does no damage.
The centaur hits you but does no damage.
The centaur kicks you but does no damage.
The centaur closely misses you. x2
Your crimson imp hits the vampire mosquito.
The kobold closely misses you. The vampire mosquito bites you.
The vampire mosquito is wracked by anguish.
The vampire mosquito completely misses you.
Your guardian golem is engulfed in blazing flames.
Flame seeps out of your guardian golem. šŸ˜® HP[-19]
You take 19 damage, and now have 41/81 hp.
MASSIVE DAMAGE!! (PAUSE)
You hit the vampire mosquito but do no damage.
The vampire mosquito bites you!
* * * LOW HITPOINT WARNING * * *
The vampire mosquito is wracked by anguish!
The vampire mosquito bites you.
* * * LOW HITPOINT WARNING * * *
The vampire mosquito is wracked by anguish.
The centaur misses you. The centaur completely misses you. x2
The centaur barely misses you. The centaur hits you.
* * * LOW HITPOINT WARNING * * *
The centaur kicks you.
* * * LOW HITPOINT WARNING * * *
The vampire mosquito closely misses you.
The vampire mosquito bites you!
* * * LOW HITPOINT WARNING * * *
The vampire mosquito is wracked by anguish!
The centaur hits you but does no damage.
The centaur misses you. The centaur completely misses you.
The centaur kicks you but does no damage.
Your crimson imp barely misses the vampire mosquito.
The centaur barely misses you. The centaur closely misses you.
Your guardian golem is engulfed in blazing flames.
Flame seeps out of your guardian golem. The kobold hits you with a +0 dagger.
* * * LOW HITPOINT WARNING * * *
The kobold is wracked by anguish.
The vampire mosquito misses you. The vampire mosquito bites you.
* * * LOW HITPOINT WARNING * * *
The vampire mosquito is wracked by anguish.
The vampire mosquito is destroyed!
Lugonu accepts your kill. The centaur barely misses you.
The centaur completely misses you. The centaur closely misses you.
The centaur kicks you.
* * * LOW HITPOINT WARNING * * *
The centaur is wracked by anguish. šŸ˜± HP[-28]
You take 28 damage, and now have 13/81 hp.
MASSIVE DAMAGE!! (PAUSE)
Okay, then.
Space bends violently around you!
You blink.
Found a stone staircase leading up.
The centaur wields a +0 shortbow.
The centaur shoots an arrow.
The arrow hits you!
You die...

Skill      XL: |  1  2  3  4  5  6  7  8  9 10 11 |
---------------+----------------------------------+-----
Invocations    | 2 3 4 5 6 7 |  7.6
Spellcasting   | 1 2 3 4 5 6 8 |  8.1
Polearms       | 2 3 |  3.0
Dodging        | 3 4 5 6 7 8 |  8.3
Fighting       | 4 5 6 7 8 |  8.0
Staves         | 2 3 4 6 |  6.0
Armour         | |  1.0

Action                   |  1- 3 |  4- 6 |  7- 9 | 10-12 || total
-------------------------+-------+-------+-------+-------++-------
Melee: Spear             |   117 |   237 |     9 |       ||   363
       Punch             |     2 |     3 |       |       ||     5
       Headbutt          |     4 |    13 |       |       ||    17
       Halberd           |       |    10 |    46 |       ||    56
       Quarterstaff      |       |       |   170 |    45 ||   215
       Dagger            |       |       |       |   230 ||   230
       Scythe            |       |       |       |    10 ||    10
Throw: Dart              |       |     1 |       |       ||     1
 Cast: Beastly Appendage |     4 |    13 |     1 |       ||    18
       Call Imp          |       |     7 |    14 |    16 ||    37
       Summon Guardian G |       |       |    13 |    21 ||    34
       Anguish           |       |       |     7 |    16 ||    23
Invok: Bend Space        |       |       |       |     4 ||     4
       Banish            |       |       |       |     3 ||     3
  Use: Scroll            |       |     6 |     7 |     2 ||    15
       Potion            |       |       |     1 |     1 ||     2
 Stab: Sleeping          |     1 |     4 |     2 |     1 ||     8
       Distracted        |       |     1 |     4 |     2 ||     7
Armor: Leather armour    |    19 |    53 |   118 |    75 ||   265
Dodge: Dodged            |    48 |   144 |   233 |   295 ||   720

Levels and vault maps discovered:
D:1:      lemuel_arrival_room, layout_basic,
          shapermc_ecumenical_altar_mp_ritualfount
D:2:      layout_basic, dreamdust_wishing_well
D:3:      kennysheep_goblin_castle, layout_basic,
          nicolae_elyvilon_peaceful_grove, trog_butcher_becter,
          gammafunk_ghost_split, minmay_cupped
D:4:      layout_loops_ring, serial_shops, nicolae_shop_waterfront,
          minmay_tree_intersection, hangedman_abyss_or_decor_slice,
          uniq_crazy_yiuf_cottage, uniq_robin, uniq_eustachio
D:5:      minmay_general_purpose_star, layout_rooms,
          minmay_temple_entry_gardened_gates, lemuel_flamethrower_1
D:6:      layout_basic, uniq_duvessa
D:7:      layout_basic, amcnicky_altar_gilded, uniq_prince_ribbit1, uniq_pikel
D:8:      layout_rooms, nicolae_qazlal_eye_of_the_storm,
          mainiacjoe_overflow_tiny_flanked, erik_lair_dragon,
          ebering_ghost_inner_flame
D:9:      layout_loops_ring, nicolae_vehumet_radiance,
          chequers_temple_overflow_statue_of_worship, special_room
          [special_room_orc]
D:10:     layout_rooms, dancing_weapons_uskayaw, mainiacjoe_overflow_catwalk,
          mainiacjoe_overflow_concentric_impassable, serial_shops, shop
D:11:     layout_small_grid, nicolae_ru_the_path_less_chosen, uniq_erolcha

Notes
Turn   | Place    | Note
-------+----------+-------------------------------------------
     0 | Abyss:1  | spiderkeys the Djinni Abyssal Knight began the quest for
                  | the Orb.
     0 | Abyss:1  | Reached XP level 1. HP: 20/20 MP: 0/0
     0 | Abyss:1  | magus.rc [v1.11.3]
   138 | D:1      | You pass through the gate.
   138 | D:1      | Escaped the Abyss
   250 | D:1      | Reached XP level 2. HP: 25/25 MP: 0/0
   465 | D:1      | Reached skill level 2 in Invocations
   467 | D:1      | Found a faded altar of an unknown god.
   488 | D:1      | Reached *** piety under Lugonu
   505 | D:1      | Reached XP level 3. HP: 24/30 MP: 0/0
   505 | D:1      | Learned a level 1 spell: Beastly Appendage
  1065 | D:1      | Reached skill level 1 in Spellcasting
  1683 | D:2      | Reached skill level 2 in Polearms
  1685 | D:2      | Reached XP level 4. HP: 33/35 MP: 0/0
  2507 | D:3      | Reached **** piety under Lugonu
  2529 | D:3      | Reached XP level 5. HP: 37/40 MP: 0/0
  2529 | D:3      | Learned a level 2 spell: Call Imp
  2568 | D:3      | Found a white marble altar of Elyvilon.
  2578 | D:3      | Noticed 2FriedEggs's ghost (amateur DsNe)
  2587 | D:3      | Found a runed translucent gate.
  2587 | D:3      | Found a runed translucent gate.
  2587 | D:3      | Found a runed translucent gate.
  2725 | D:3      | Noticed Ijyb
  2757 | D:3      | Killed Ijyb
  2758 | D:3      | Reached skill level 3 in Dodging
  3000 | D:3      | Found a bloodstained altar of Trog.
  3647 | D:4      | Reached skill level 2 in Spellcasting
  3690 | D:4      | Reached XP level 6. HP: 31/47 MP: 0/0
  3711 | D:4      | Found Dipsuelagu's Antique Armour Emporium.
  3764 | D:4      | Reached skill level 3 in Invocations
  3951 | D:4      | Reached skill level 4 in Fighting
  4090 | D:4      | Reached XP level 7. HP: 46/52 MP: 0/0
  4090 | D:4      | Learned a level 3 spell: Summon Guardian Golem
  4096 | D:4      | Noticed Robin
  4106 | D:4      | Reached ***** piety under Lugonu
  4136 | D:4      | HP: 12/52 [Robin/+2 vampiric spear (6)]
  4144 | D:4      | HP: 12/52 [orc/+0 short sword (4)]
  4199 | D:4      | Killed Robin
  4334 | D:4      | Noticed Eustachio
  4342 | D:4      | Killed Eustachio
  4343 | D:4      | Reached skill level 3 in Spellcasting
  4486 | D:4      | Found a runed translucent door.
  4487 | D:4      | Noticed Crazy Yiuf
  4675 | D:4      | Killed Crazy Yiuf
  4676 | D:4      | Reached skill level 3 in Polearms
  4676 | D:4      | Reached skill level 4 in Dodging
  4722 | D:5      | Entered Level 5 of the Dungeon
  4722 | D:5      | Found a staircase to the Ecumenical Temple.
  4819 | D:5      | Reached XP level 8. HP: 55/58 MP: 0/0
  4883 | D:5      | Reached skill level 1 in Staves
  4938 | D:5      | Reached skill level 4 in Invocations
  5310 | D:6      | Noticed Dowan
  5311 | D:6      | Noticed Duvessa
  5320 | D:6      | Reached skill level 5 in Fighting
  5320 | D:6      | Reached skill level 4 in Spellcasting
  5325 | D:6      | Killed Duvessa
  5347 | D:6      | Killed Dowan
  5348 | D:6      | Reached skill level 2 in Staves
  5439 | D:5      | Reached skill level 5 in Dodging
  5439 | D:5      | Reached XP level 9. HP: 46/65 MP: 0/0
  5439 | D:5      | Learned a level 4 spell: Anguish
  6223 | D:7      | Found a glowing silver altar of Zin.
  6441 | D:7      | Reached skill level 5 in Invocations
  6447 | D:7      | Reached skill level 3 in Staves
  6447 | D:7      | Reached skill level 5 in Spellcasting
  6569 | D:7      | Noticed Pikel
  6583 | D:7      | Killed Pikel
  6776 | D:7      | Noticed Prince Ribbit
  6799 | D:7      | Killed Prince Ribbit
  6800 | D:7      | Reached skill level 6 in Fighting
  6800 | D:7      | Reached skill level 6 in Dodging
  7010 | D:8      | Reached XP level 10. HP: 70/72 MP: 0/0
  7026 | D:8      | Noticed a brown ugly thing
  7033 | D:8      | Killed a brown ugly thing
  7034 | D:8      | Reached skill level 4 in Staves
  7034 | D:8      | Reached skill level 6 in Spellcasting
  7034 | D:8      | Reached skill level 6 in Invocations
  7178 | D:8      | Found a basalt altar of Yredelemnul.
  7193 | D:8      | HP: 15/73 [orc/+0 trident (7)]
  7193 | D:8      | HP: 1/73 [orc priest/divine providence (14)]
  7285 | D:8      | Identified the +11 dagger "Dosem" {flame, rN+ Dex+2}
  7300 | D:8      | Found a runed translucent door.
  7626 | D:8      | Reached skill level 7 in Dodging
  7710 | D:8      | Reached skill level 7 in Fighting
  7753 | D:8      | Found a staircase to the Lair.
  7916 | D:8      | Found a stormy altar of Qazlal.
  7962 | D:8      | Noticed b0nj0m0n's ghost (novice DECj)
  7962 | D:8      | Noticed a two-headed ogre
  8043 | D:9      | Found a sparkling altar of Nemelex Xobeh.
  8044 | D:9      | Found a snail-covered altar of Cheibriados.
  8137 | D:9      | Reached XP level 11. HP: 63/79 MP: 0/0
  8137 | D:9      | Learned a level 4 spell: Sticky Flame
  8230 | D:9      | Reached skill level 7 in Spellcasting
  8243 | D:9      | Reached skill level 5 in Staves
  8408 | D:9      | Noticed a boulder beetle
  8428 | D:9      | Noticed a two-headed ogre
  8434 | D:9      | Killed a two-headed ogre
  8435 | D:9      | Reached skill level 7 in Invocations
  8441 | D:9      | Banished a boulder beetle
  9173 | D:10     | Entered Level 10 of the Dungeon
  9238 | D:10     | Noticed a two-headed ogre
  9256 | D:10     | Killed a two-headed ogre
  9257 | D:10     | Reached skill level 8 in Dodging
  9312 | D:10     | Identified the +2 falchion of Callousness {vorpal, Fly}
  9409 | D:10     | Found a broken altar of Ashenzari.
  9518 | D:10     | Found Urecoren's Assorted Antiques.
  9526 | D:10     | Bought a bloodstained scythe for 304 gold pieces
  9526 | D:10     | Identified the +3 scythe "Tilip" {freeze, Int+8} (You
                  | bought it in a shop on level 10 of the Dungeon)
  9531 | D:10     | Noticed a centaur warrior
  9536 | D:10     | Reached ****** piety under Lugonu
  9536 | D:10     | Banished a centaur warrior
  9537 | D:10     | Reached skill level 8 in Fighting
  9537 | D:10     | Reached skill level 6 in Staves
  9537 | D:10     | Reached skill level 8 in Spellcasting
  9660 | D:10     | Found a hide-covered altar of Uskayaw.
  9664 | D:10     | Noticed a +0 hand axe
  9664 | D:10     | Noticed a +0 hand axe
  9719 | D:10     | Found an iron altar of Okawaru.
  9860 | D:11     | HP: 19/81 [vampire mosquito (9)]
  9861 | D:11     | Shot with an arrow by a centaur

Vanquished Creatures
  Prince Ribbit (D:7)
  6 yaks
  2 shadows
  2 basilisks (D:8)
  A wyvern (D:8)
  A wraith (D:10)
  An acid dragon (D:8)
  2 water moccasins
  Duvessa (D:6)
  2 black bears
  4 orc warriors
  A sky beast (D:7)
  3 centaurs
  A kobold brigand (D:11)
  A lemure (D:7)
  2 bullfrogs (D:8)
  2 gnoll sergeants
  5 scorpions
  9 wights
  Dowan (D:6)
  5 killer bees (D:8)
  2 howler monkeys
  8 orc priests
  Crazy Yiuf (D:4)
  A hound (D:4)
  3 jellies
  Ijyb (D:3)
  5 orc wizards
  2 iguanas
  16 gnolls
  9 adders
  2 shadow imps
  A white imp (D:5)
  2 ufetubi
  5 worms
  4 dart slugs
  26 orcs
  8 bats
  7 endoplasms
  3 giant cockroaches
  20 goblins
  6 hobgoblins
  5 jackals
  7 quokkas
  6 ball pythons
  2 frilled lizards (D:2)
  8 kobolds
  5 rats
218 creatures vanquished.

Vanquished Creatures (collateral kills)
  An orc warrior (D:9)
  A necrophage (D:6)
  A scorpion (D:6)
  A killer bee (D:8)
  A jelly (D:5)
  3 orc wizards
  Robin (D:4)
  6 gnolls
  10 orcs
  A goblin (D:3)
26 creatures vanquished.

Vanquished Creatures (others)
  2 two-headed ogres
  Pikel (D:7)
  An ugly thing (D:8)
  A hornet (D:8)
  2 wyverns (D:8)
  Eustachio (D:4)
  A vampire mosquito (D:11)
  A steam dragon (D:8)
  2 orc warriors (D:9)
  A centaur (D:11)
  A gnoll sergeant (D:9)
  3 wights
  An iguana (D:7)
  A white imp (D:7)
  2 orcs
  3 goblins (D:4)
  A hobgoblin (D:4)
  A kobold (D:11)
  A butterfly (D:3)
27 creatures vanquished.

Grand Total: 271 creatures vanquished

Table legend:
 A = Non-vault XP
 B = Vault XP
 C = Vault XP percentage of total XP
 D = Non-vault monster count
 E = Vault monster count
 F = Vault count percentage of total count
                 A         B        C        D         E       F
            +---------+---------+-------+---------+---------+-------
      Total |   12258 |    2902 |  19.1 |     210 |      60 |  22.2
            +---------+---------+-------+---------+---------+-------
        D:1 |      50 |       0 |   0.0 |      28 |       0 |   0.0
        D:2 |      50 |       0 |   0.0 |      21 |       0 |   0.0
        D:3 |      68 |      84 |  55.3 |      15 |      18 |  54.5
        D:4 |     379 |     265 |  41.1 |      25 |      13 |  34.2
        D:5 |     647 |     131 |  16.8 |      17 |       1 |   5.6
        D:6 |     432 |     204 |  32.1 |      10 |       2 |  16.7
        D:7 |     633 |     849 |  57.3 |      10 |       2 |  16.7
        D:8 |    3430 |     747 |  17.9 |      36 |       4 |  10.0
        D:9 |    3470 |     622 |  15.2 |      24 |      20 |  45.5
       D:10 |    2689 |       0 |   0.0 |      20 |       0 |   0.0
       D:11 |     410 |       0 |   0.0 |       4 |       0 |   0.0
            +---------+---------+-------+---------+---------+-------

Illustrated notes

Table legend:
 A = Kills in this place as a percentage of kills in entire the game.
 B = Kills by you in this place as a percentage of kills by you in the entire game.
 C = Kills by friends in this place as a percentage of kills by friends in the entire game.
 D = Other kills in this place as a percentage of other kills in the entire game.
 E = Experience gained in this place as a percentage of experience gained in the entire game.
 F = Experience gained in this place divided by the number of levels of this place that you have seen.
                   A       B       C       D       E      F
               +-------+-------+-------+-------+-------+----------------------
         Total | 100.0 | 100.0 | 100.0 | 100.0 | 100.0 | 1263.3
       Dungeon | 100.0 | 100.0 | 100.0 | 100.0 | 100.0 | 1378.2
               +-------+-------+-------+-------+-------+----------------------

Table legend: (Time is in decaauts)
 A = Elapsed time spent in this place.
 B = Non-inter-level travel time spent in this place.
 C = Inter-level travel time spent in this place.
 D = Time resting spent in this place.
 E = Time spent auto-exploring this place.
 F = Levels seen in this place.
 G = Mean time per level.
                   A        B        C        D        E       F      G
               +--------+--------+--------+--------+--------+-----+--------+
         Total |   9926 |   9643 |    283 |    338 |   7073 |  12 |  827.2 |
       Dungeon |   9788 |   9505 |    283 |    338 |   6970 |  11 |  889.8 |
         Abyss |    138 |    138 |      0 |      0 |    103 |   1 |  138.0 |
               +--------+--------+--------+--------+--------+-----+--------+

Top non-repeatable levels by time:
     D:2: 1200 daAuts
     D:3: 1195 daAuts
     D:8: 1110 daAuts
     D:4: 1109 daAuts
     D:9: 1095 daAuts
     D:1: 1084 daAuts
     D:6: 883 daAuts
     D:7: 786 daAuts
    D:10: 681 daAuts
     D:5: 630 daAuts
 Abyss:1: 138 daAuts
    D:11: 12 daAuts
